 Dungeon Crawl Stone Soup version 0.18-a0-1179-g120c792 (webtiles) character file.

5796 Mysteryquy the Cudgeler (level 10, 0/79 HPs)
             Began as a Demonspawn Fighter on Jan 27, 2016.
             Was an Elder of Makhleb.
             Slain by an orc wizard
             ... wielding a +0 dagger
              (1 damage)
             ... on level 9 of the Dungeon.
             The game lasted 00:21:43 (9549 turns).

Mysteryquy the Cudgeler (Demonspawn Fighter)        Turns: 9549, Time: 00:21:43

Health: 0/79       AC: 16    Str: 25    XL:     10   Next: 50%
Magic:  10/10      EV: 11    Int: 10    God:    Makhleb [****..]
Gold:   589        SH: 11    Dex: 13    Spells: 0 memorised, 9 levels left

rFire  . . .     SeeInvis .     w - +1 morningstar
rCold  . . .     Gourm    .     b - +0 scale mail
rNeg   . . .     Faith    .     c - +0 shield
rPois  .         Spirit   .     (helmet restricted)
rElec  .         Dismiss  .     (no cloak)
rCorr  .         Reflect  .     d - +0 pair of gloves
SustAt .         Harm     .     y - +0 pair of boots
MR     +....                    (no amulet)
Stlth  ..........               B - +6 ring of strength
                                P - ring of protection from magic

@: somewhat resistant to hostile enchantments, extremely unstealthy
A: antennae 2, iridescent scales 2, demonic guardian 1
a: Minor Destruction, Lesser Servant of Makhleb, Major Destruction, Renounce
Religion


You were on level 9 of the Dungeon.
You worshipped Makhleb.
Makhleb was greatly pleased with you.
You were hungry.

You visited 3 branches of the dungeon, and saw 11 of its levels.
You also visited: Ossuary.

You collected 589 gold pieces.

Inventory:

Hand Weapons
 a - a +0 flail
 w - a +1 morningstar (weapon)
Armour
 b - a +0 scale mail (worn)
 c - a +0 shield (worn)
 d - a +0 pair of gloves (worn)
 l - a +0 helmet
 y - a +0 pair of boots (worn)
Jewellery
 B - a +6 ring of strength (right hand)
 P - a ring of protection from magic (left hand)
Wands
 g - a wand of paralysis (4/24)
 r - a wand of flame (9/48)
 s - a wand of enslavement (24/24)
 J - a wand of cold (5/15)
Scrolls
 e - 2 scrolls of noise
 k - a scroll of immolation
 m - 7 scrolls of identify
 n - 3 scrolls of enchant weapon
 t - a scroll of recharging
 G - a scroll of fog
 L - a scroll of enchant armour {unknown}
Potions
 h - 7 potions of curing {unknown}
 i - 2 potions of mutation {unknown}
 o - a potion of magic
 q - 2 potions of ambrosia {unknown}
 u - 2 potions of berserk rage {unknown}
 x - 2 potions of agility
 A - a potion of lignification {unknown}
 E - a potion of resistance {unknown}
 F - 2 potions of brilliance {unknown}
 I - a potion of haste {unknown}
 M - 2 potions of flight {unknown}
Books
 v - a book of Annihilations

   Spells                             Type                      Level
   a - Poison Arrow                   Conjuration/Poison           6
   b - Chain Lightning                Conjuration/Air              8
   c - Lehudib's Crystal Spear        Conjuration/Earth            8
   d - Glaciate                       Conjuration/Ice              9
   e - Fire Storm                     Conjuration/Fire             9
 C - an Akashic Record

   Spells                             Type                      Level
   a - Dispersal                      Translocation                6
   b - Malign Gateway                 Summoning/Translocation      7
   c - Disjunction                    Translocation                8
   d - Controlled Blink               Translocation                8
 K - a book of Minor Magic

   Spells                             Type                      Level
   a - Magic Dart                     Conjuration                  1
   b - Blink                          Translocation                2
   c - Call Imp                       Summoning                    2
   d - Repel Missiles                 Charms/Air                   2
   e - Slow                           Hexes                        2
   f - Conjure Flame                  Conjuration/Fire             3
   g - Mephitic Cloud                 Conjuration/Poison/Air       3
 N - a book of the Tempests

   Spells                             Type                      Level
   a - Static Discharge               Conjuration/Air              3
   b - Lightning Bolt                 Conjuration/Air              5
   c - Fireball                       Conjuration/Fire             5
   d - Tornado                        Air                          9
   e - Shatter                        Earth                        9
Comestibles
 f - 7 bread rations
 z - 5 fruits
 D - 3 beef jerkies
 H - a chunk of flesh
 S - 7 slices of pizza


   Skills:
 + Level 7.4 Fighting
 + Level 7.9 Maces & Flails
 + Level 6.9 Armour
 - Level 4.2 Dodging
 - Level 0.4 Stealth
 + Level 7.9 Shields


You had 9 spell levels left.
You didn't know any spells.

Dungeon Overview and Level Annotations

Branches:
Dungeon (9/15)             Temple (1/1) D:5            Lair (1/8) D:9
    Orc: D:9-12

Altars:
Ashenzari
Cheibriados
Dithmenos
Elyvilon
Fedhas
Gozag
Kikubaaqudgha
Makhleb
Nemelex Xobeh
Okawaru
Pakellas
Qazlal
Ru
Sif Muna
Trog
Vehumet
Xom
Yredelemnul
Zin
The Shining One

Shops:
D:3 *

Annotations:
D:8 Erolcha


Innate Abilities, Weirdness & Mutations

You have a pair of antennae on your head.
You are mostly covered in iridescent scales (AC +6).
A weak demonic guardian rushes to your aid.


Message History

The orc warrior hits you with a halberd!
* * * LOW HITPOINT WARNING * * *
The orc closely misses you. You block the orc's attack.
Unknown command.
Unknown command.
The orc warrior barely misses you.
You hit the orc.
The orc is heavily wounded.
You block the orc's attack. The orc warrior closely misses you.
You miss something. The orc hits you but does no damage.
The orc hits the plant but does no damage.
The orc warrior barely misses you. Something hits you but does no damage.
You are too injured to fight recklessly!
You are too injured to fight recklessly!
You are too injured to fight recklessly!
You closely miss something. The orc hits you but does no damage.
The orc warrior hits you from afar with a halberd!
* * * LOW HITPOINT WARNING * * *
Something hits you.
You die...

##...........#####............
#...........#####............
.....##........#.#..........
..... #........#.#..........
.....###..P....#.####.......
o..........PP..÷÷########...
.......P..PPP.P....# #...
.........oP{.P.P...# #.##
......P...o@P†P.P..# #.#.
.........o#[##.P÷P.# #.#.
o.........#†(#P....## #.#.
....#P...P#†>#..PP..# #.#.
....#.....####P.PP..#####.#.
## #....P.P.†.....'......#.
##P.P.P..÷P....########.
#.....P.P.....# #.
##...P.P.P....# ##


You could see an orc warrior and 2 orcs.

Vanquished Creatures
  Erica (D:9)
  Psyche (D:9)
  The ghost of Arkorax the Poker, an amateur DrGl of Gozag (D:4)
  3 yaks (D:9)
  2 wyverns
  A human (D:7)
  Menkaure (Ossuary)
  An orc warrior (D:9)
  A sky beast (D:7)
  3 ice beasts
  4 ogres
  A necrophage (D:7)
  3 phantoms
  A crocodile (D:9)
  A big kobold (D:6)
  4 giant frogs
  2 scorpions
  4 killer bees (D:9)
  3 crimson imps
  A centaur zombie (D:6)
  4 hounds
  A centaur skeleton (D:7)
  7 orc priests
  5 orc wizards
  3 giant frog skeletons
  A gnoll shaman (D:7)
  Ijyb (D:3)
  Terence (D:2)
  3 iguanas
  3 worker ants (D:4)
  Natasha (D:3)
  4 sheep (D:7)
  A hound skeleton (D:6)
  2 mummies (Ossuary)
  A worker ant zombie (D:5)
  Robin (D:2)
  9 gnolls
  12 adders
  A river rat (D:9)
  2 shadow imps
  An adder zombie (D:6)
  2 adder skeletons
  5 worms
  5 giant geckos
  22 orcs
  4 giant cockroaches
  3 gnoll zombies (Ossuary)
  14 hobgoblins
  11 jackals
  23 kobolds
  4 quokkas
  15 bats
  A giant gecko skeleton (D:9)
  4 giant newts
  5 gnoll skeletons (Ossuary)
  9 goblins
  A goblin skeleton (Ossuary)
  3 goblin zombies (Ossuary)
  6 hobgoblin skeletons (Ossuary)
  2 hobgoblin zombies (Ossuary)
  2 kobold skeletons (Ossuary)
  A kobold zombie (Ossuary)
  4 orc skeletons (Ossuary)
  An orc zombie (Ossuary)
  13 rats
  A rat skeleton (Ossuary)
  6 rat zombies (Ossuary)
  A fungus (D:9)
271 creatures vanquished.

Vanquished Creatures (collateral kills)
  The ghost of Arkorax the Spear-Bearer, a novice MfGl of Zin (D:7)
  A yak (D:9)
  An ogre (D:8)
  A giant frog (D:6)
  A killer bee (D:9)
  A giant frog zombie (D:8)
  2 hounds
  Jessica (D:2)
  Natasha (D:3)
  4 gnolls
  2 orcs
  5 goblins (D:2)
  4 hobgoblins
  3 jackals (D:6)
  A quokka (D:3)
  2 kobolds
  2 rats (D:9)
33 creatures vanquished.

Vanquished Creatures (others)
  A mummy (Ossuary)
  A gnoll skeleton (Ossuary)
  2 gnoll zombies (Ossuary)
  A goblin zombie (Ossuary)
  A hobgoblin zombie (Ossuary)
  3 kobold zombies (Ossuary)
  2 orc skeletons (Ossuary)
  3 rat skeletons (Ossuary)
  2 rat zombies (Ossuary)
  4 fungi (D:9)
  4 plants
24 creatures vanquished.

Grand Total: 328 creatures vanquished

Notes
Turn   | Place    | Note
--------------------------------------------------------------
     0 | D:1      | Mysteryquy the Demonspawn Fighter began the quest for the Orb.
     0 | D:1      | Reached XP level 1. HP: 18/18 MP: 1/1
   132 | D:1      | Gained mutation: A weak demonic guardian rushes to your aid. [demonic ancestry]
   132 | D:1      | Reached XP level 2. HP: 22/24 MP: 2/2
   771 | D:2      | Reached skill level 1 in Dodging
   771 | D:2      | Reached XP level 3. HP: 21/29 MP: 3/3
  1099 | D:2      | Noticed Robin
  1100 | D:2      | Noticed Terence
  1111 | D:2      | Killed Terence
  1111 | D:2      | Gained mutation: You are partially covered in iridescent scales (AC +4). [demonic ancestry]
  1111 | D:2      | Reached XP level 4. HP: 21/35 MP: 4/4
  1147 | D:2      | Killed Robin
  1473 | D:2      | Noticed Jessica
  1481 | D:2      | Killed Jessica
  1481 | D:2      | Gained mutation: You have a pair of small antennae on your head. [demonic ancestry]
  1481 | D:2      | Reached XP level 5. HP: 41/41 MP: 5/5
  1720 | D:3      | Found an opulent altar of Gozag.
  1720 | D:3      | Found Gozag's Platinum Reserve.
  1731 | D:3      | Noticed Ijyb
  1788 | D:3      | Killed Ijyb
  1820 | D:3      | Reached skill level 4 in Shields
  2300 | D:3      | Reached XP level 6. HP: 38/47 MP: 6/6
  2421 | D:3      | Noticed Natasha
  2429 | D:3      | Killed Natasha
  2505 | D:3      | Noticed Natasha
  2528 | D:3      | Killed Natasha
  3046 | D:4      | Found a basalt altar of Yredelemnul.
  3051 | D:4      | Found a shadowy altar of Dithmenos.
  3087 | D:4      | Found a sand-covered staircase.
  3092 | Ossuary  | Entered an ossuary
  3410 | Ossuary  | Noticed Menkaure
  3413 | Ossuary  | Killed Menkaure
  3583 | D:4      | Reached XP level 7. HP: 51/53 MP: 7/7
  3881 | D:4      | Noticed Arkorax's ghost (amateur DrGl)
  3900 | D:4      | Killed Arkorax's ghost
  4141 | D:5      | Entered Level 5 of the Dungeon
  4444 | D:5      | Found a staircase to the Ecumenical Temple.
  4491 | Temple   | Entered the Ecumenical Temple
  4600 | Temple   | Became a worshipper of Makhleb the Destroyer
  4860 | D:6      | Reached XP level 8. HP: 49/61 MP: 8/8
  4940 | D:6      | Reached skill level 5 in Shields
  5016 | D:6      | Reached skill level 5 in Maces & Flails
  5287 | D:6      | Reached * piety under Makhleb
  5562 | D:6      | Reached ** piety under Makhleb
  5737 | D:6      | Reached skill level 5 in Fighting
  5881 | D:7      | Noticed Arkorax's ghost (novice MfGl)
  5903 | D:7      | Killed Arkorax's ghost
  5903 | D:7      | Reached skill level 5 in Armour
  6137 | D:7      | Reached skill level 6 in Shields
  6137 | D:7      | Gained mutation: You have a pair of antennae on your head. [demonic ancestry]
  6137 | D:7      | Reached XP level 9. HP: 68/68 MP: 9/9
  6783 | D:7      | Found a shattered altar of Ashenzari.
  6835 | D:7      | Identified a scroll of acquirement
  6985 | D:7      | Reached *** piety under Makhleb
  7866 | D:8      | Noticed Erolcha
  8465 | D:8      | Reached skill level 7 in Shields
  8820 | D:9      | Noticed Psyche
  8856 | D:9      | Noticed Erica
  9049 | D:9      | Killed Psyche
  9049 | D:9      | Gained mutation: You are mostly covered in iridescent scales (AC +6). [demonic ancestry]
  9049 | D:9      | Reached XP level 10. HP: 52/77 MP: 10/10
  9176 | D:9      | Killed Erica
  9314 | D:9      | Reached **** piety under Makhleb
  9403 | D:9      | Found a staircase to the Lair.
  9471 | Lair:1   | Entered Level 1 of the Lair of Beasts
  9471 | Lair:1   | Noticed a six-headed hydra
  9549 | D:9      | HP: 1/79 [orc warrior/halberd (15)]
  9549 | D:9      | Slain by an orc wizard

Vault maps used:
D:1:      dpeg_arrival_simpleton_a
D:2:      uniq_robin, uniq_terence, uniq_jessica
D:3:      first_bread, nicolae_gozag_zags_fifth_avenue, uniq_iyjb, uniq_natasha
D:4:      grunt_temple_overflow_open, enter_ossuary_5
D:5:      temple_pool_a
D:6:      kennysheep_kobold_camp
D:7:      grunt_livestock, nicolae_ashenzari_panopticon
D:8:      uniq_erolcha
D:9:      grunt_lair_entry_orc_guard_hut, minivault_4, uniq_psyche, uniq_erica
Temple:   grunt_circular_temple_18
Lair:1:   basic_altar, lemuel_fruit_fields
Ossuary:  ossuary_due_pyramid

Action                   |  1- 3 |  4- 6 |  7- 9 | 10-12 || total
-------------------------+-------+-------+-------+-------++-------
Melee: Flail             |   104 |   237 |       |       ||   341
       Morningstar       |       |   122 |   603 |   154 ||   879
  Use: Scroll            |       |       |    17 |     1 ||    18
       Potion            |       |       |     1 |     6 ||     7
 Stab: Distracted        |       |       |     1 |       ||     1
  Eat: Chunk             |       |    10 |    13 |     2 ||    25
       Meat ration       |       |       |     1 |       ||     1
